 Dungeon Crawl Stone Soup version 0.28-b1-25-g9875b3fc8c (webtiles) character file.

Game seed: 6177840901168217983

144 banban the Shield-Bearer (level 5, 0/47 HPs)
             Began as a Minotaur Fighter on Feb 4, 2022.
             Slain by an orc wizard (3 damage)
             ... on level 4 of the Dungeon.
             The game lasted 00:12:18 (1154 turns).

banban the Shield-Bearer (Minotaur Fighter)         Turns: 1154, Time: 00:12:18

Health: 0/47       AC:  7    Str: 23    XL:     5   Next: 5%
Magic:  4/4        EV:  9    Int:  5    God:
Gold:   55         SH:  4    Dex:  9    Spells: 4/4 levels left

rFire   + + .      SeeInvis .   a - +0 long sword
rCold   x . .      Faith    .   c - +0 buckler
rNeg    . . .      Spirit   .   b - +0 scale mail
rPois   .          Reflect  .   (helmet restricted)
rElec   .          Harm     .   (no cloak)
rCorr   .          Rampage  .   (no gloves)
Will    .....                   (no boots)
Stlth   ..........              (no amulet)
HPRegen 0.15/turn               o - ring of protection from fire
MPRegen 0.09/turn               s - ring of fire

@: no status effects
A: horns 2, retaliatory headbutt
a: no special abilities


You were on level 4 of the Dungeon.
You visited 1 branch of the dungeon, and saw 4 of its levels.

You collected 55 gold pieces.

Inventory:

Hand Weapons
 a - a +0 long sword (weapon)
 d - a +0 dagger
 i - a +0 short sword
 j - a +0 dagger
 l - a +0 hand axe
 n - a +0 dagger
 p - a +0 mace
 r - a +0 dagger
Missiles
 e - 40 stones (quivered)
 k - 21 sling bullets
Armour
 b - a +0 scale mail (worn)
 c - a +0 buckler (worn)
 m - a +0 robe
 q - a +0 chain mail
Jewellery
 o - a ring of protection from fire (left hand)
 s - a ring of fire (right hand)
Scrolls
 f - 4 scrolls of teleportation {unknown}
 g - a scroll of immolation {unknown}
 h - 2 scrolls of torment {unknown}


   Skills:
 + Level 4.3 Fighting
 + Level 3.9 Long Blades
 + Level 4.4 Armour
 + Level 1.3 Dodging
 + Level 4.7 Shields


You had 4 spell levels left.
You didn't know any spells.
Your spell library was empty.

Dungeon Overview and Level Annotations

Branches:
Dungeon (4/15)
 Temple: D:4-7

Altars:

Shops:
D:1 *


Innate Abilities, Weirdness & Mutations

You have a pair of horns on your head.
You reflexively headbutt those who attack you in melee.


Message History

You resist with some effort. You block something's attack.
The orc wizard casts a spell at you.
The magic dart hits something!
Things that are here:
a +0 hand axe; a +0 leather armour Something completely misses you.
The orc wizard hits you but does no damage.
Things that are here:
a +0 hand axe; a +0 leather armour You hit the orc wizard.
The orc wizard is lightly wounded.
Something hits you.
* * * LOW HITPOINT WARNING * * *
The orc wizard hits you but does no damage.
Something hits you but does no damage.
You closely miss the orc wizard. Your headbutt misses the orc wizard.
The orc wizard is lightly wounded.
The orc wizard closely misses you. You furiously retaliate!
You headbutt the orc wizard, but do no damage.
Something hits you but does no damage. You block the orc wizard's attack.
You closely miss the orc wizard.
You headbutt the orc wizard, but do no damage.
The orc wizard is lightly wounded.
Something hits you but does no damage.
The orc wizard hits you but does no damage.
You hit the orc wizard.
The orc wizard is moderately wounded.
Something hits you.
* * * LOW HITPOINT WARNING * * *
The orc wizard hits you with a +0 dagger.
* * * LOW HITPOINT WARNING * * *
You closely miss the orc wizard.
The orc wizard is moderately wounded.
Something hits you.
* * * LOW HITPOINT WARNING * * *
You block the orc wizard's attack. Something hits you but does no damage.
You closely miss the orc wizard.
The orc wizard is moderately wounded.
The orc wizard closely misses you. Something hits you.
You die...

##### ###### ....# .....#
#.#.# .....##########.#.#
# ..............>.#.###.#
########.###.#..#.....##.
#.# #...†..<...... #.#
#...o†.....# ########.#
#.###@{...=# .......#.#
#..........# .......#.#
#####......# .......#.#
#......# ....... #......#
####### #......# ..#
#......# ..# #......# ..#
......#


You could see an orc wizard.

Vanquished Creatures
  A bullfrog (D:4)
  3 adders (D:2)
  A dart slug (D:1)
  3 orcs (D:4)
  4 bats
  4 endoplasms
  A giant cockroach (D:1)
  3 goblins
  5 hobgoblins
  3 jackals (D:2)
  2 kobolds
  4 quokkas
  6 ball pythons
  A frilled lizard (D:1)
  3 rats
44 creatures vanquished.

Notes
Turn   | Place    | Note
-------+----------+-------------------------------------------
     0 | D:1      | banban the Minotaur Fighter began the quest for the Orb.
     0 | D:1      | Reached XP level 1. HP: 19/19 MP: 0/0
   176 | D:1      | Found Sowy's General Store.
   269 | D:1      | Reached XP level 2. HP: 27/27 MP: 1/1
   605 | D:2      | Reached XP level 3. HP: 33/33 MP: 2/2
   993 | D:2      | Reached XP level 4. HP: 34/40 MP: 3/3
  1123 | D:4      | Noticed a bullfrog
  1137 | D:4      | Killed a bullfrog
  1138 | D:4      | Reached skill level 1 in Dodging
  1138 | D:4      | Reached XP level 5. HP: 23/47 MP: 4/4
  1154 | D:4      | Slain by an orc wizard

Illustrated notes

Levels and vault maps discovered:
D:1:      saegor_arrival_under_anarchy, layout_loops_ring, serial_shops,
          nicolae_shop_statue_plus, shapermc_ecumenical_altar_hornbeckon
D:2:      layout_basic, minivault_23, minmay_misc_feat_hallway
D:3:      layout_basic, portal_sewer_entry_f, serial_shops, shop, uniq_grinder
D:4:      layout_basic, kennysheep_boxes

Skill      XL: |  1  2  3  4 |
---------------+-------------+-----
Fighting       | 4 |  4.3
Armour         | 4 |  4.4
Shields        | 4 |  4.7
Long Blades    | 3 |  3.9
Dodging        | 1 |  1.3

Action                   |  1- 3 |  4- 6 || total
-------------------------+-------+-------++-------
Melee: Long sword        |    67 |    29 ||    96
       Headbutt          |     8 |     3 ||    11
  Use: Potion            |     1 |       ||     1
Armor: Scale mail        |    40 |    34 ||    74
Dodge: Dodged            |    33 |    20 ||    53
Block: Buckler           |    21 |    11 ||    32
